[Event "KAZ Cup 2019"]
[Site "Almaty"]
[Date "2019.12.12"]
[Round "1.2"]
[White "Urazayev, Arystanbek"]
[Black "Babujian, Levon"]
[Result "0-1"]
[ECO "B43"]
[WhiteElo "2433"]
[BlackElo "2466"]
[Annotator "ChessBase"]
[PlyCount "102"]
[EventDate "2019.12.12"]
[EventType "tourn"]
[EventCountry "KAZ"]
[SourceTitle "playchess.com"]
[Source "ChessBase"]
[SourceQuality "1"]
[TimeControl "40/5400+30:1800+30"]

1. e4 c5 2. Nf3 e6 3. d4 cxd4 4. Nxd4 a6 5. Nc3 d6 6. g4 b5 7. a3 Bb7 8. h4 Nd7 9. g5 Nc5 10. Bg2 Ne7 11. Be3 e5 12. Nde2 Rc8 13. Ng3 g6 14. h5 Rg8 15. hxg6 hxg6 16. Qd2 Nf5 17. exf5 Bxg2 18. Rh2 Bb7 19. Nd5 Bxd5 20. Qxd5 gxf5 21. Nxf5 Qd7 22. Ng3 Qe6 23. O-O-O Be7 24. Rh5 Kd7 25. Kb1 Qxd5 26. Rxd5 Ke6 27. Rd1 d5 28. f4 d4 29. Bc1 Rcd8 30. fxe5 d3 31. cxd3 Rxd3 32. Rxd3 Nxd3 33. Bd2 Nxe5 34. Ne4 Nf3 35. Bc1 Kf5 36. Nc3 Bxg5 37. Bxg5 Rxg5 38. Rh8 Rg2 39. Ra8 Nd2+ 40. Ka2 Nc4 41. Rxa6 Rxb2+ 42. Ka1 Rb3 43. Nb1 Ke5 44. Ka2 Rb2+ 45. Ka1 f5 46. Ra8 f4 47. Re8+ Kd4 48. Rd8+ Ke3 49. Nc3 Rb3 50. Re8+ Kd2 51. Nd5 f3 0-1

[Event "KAZ Cup 2019"]
[Site "Almaty"]
[Date "2019.12.12"]
[Round "1.3"]
[White "Makhnev, Denis"]
[Black "Rakhimzhan, Alen"]
[Result "1-0"]
[ECO "E06"]
[WhiteElo "2476"]
[BlackElo "2354"]
[Annotator "ChessBase"]
[PlyCount "115"]
[EventDate "2019.12.12"]
[EventType "tourn"]
[EventCountry "KAZ"]
[SourceTitle "playchess.com"]
[Source "ChessBase"]
[SourceQuality "1"]
[TimeControl "40/5400+30:1800+30"]

1. d4 Nf6 2. c4 e6 3. g3 d5 4. Bg2 Be7 5. Nf3 O-O 6. O-O c6 7. Qc2 b6 8. Bf4 Ba6 9. cxd5 cxd5 10. Rc1 Nbd7 11. Nc3 Nh5 12. Qa4 Nxf4 13. Qxa6 Nxg2 14. Kxg2 Qc8 15. Qxc8 Rfxc8 16. Nb5 Bf8 17. Nc7 Rab8 18. Rc2 Nc5 19. Nxd5 exd5 20. dxc5 bxc5 21. Rd1 d4 22. Ne5 Re8 23. Nd3 g6 24. Kf1 Re6 25. b3 Ra6 26. Rdd2 Rb5 27. Ke1 f6 28. Kd1 Kf7 29. Rc4 Rba5 30. a4 Rb6 31. Kc2 Re6 32. Kb2 Rb6 33. Rdc2 Re6 34. Kc1 h5 35. Kd2 Rb6 36. Nxc5 Bxc5 37. Rxc5 Rxc5 38. Rxc5 Rxb3 39. Rc7+ Ke6 40. Rxa7 Ra3 41. a5 Kd5 42. a6 Ra2+ 43. Kd3 Ra3+ 44. Kc2 Ra2+ 45. Kb3 Rxe2 46. Rd7+ Kc5 47. a7 Re8 48. Rg7 g5 49. Rb7 Ra8 50. Kc2 Kc6 51. Rf7 Kd5 52. Kd3 g4 53. Rh7 f5 54. Rf7 Ke6 55. Rb7 f4 56. Kxd4 h4 57. gxh4 f3 58. Ke4 {Kd5+} 1-0

[Event "KAZ Cup 2019"]
[Site "Almaty"]
[Date "2019.12.14"]
[Round "4.3"]
[White "Babujian, Levon"]
[Black "Igambergenov, Alibek"]
[Result "1-0"]
[ECO "C11"]
[WhiteElo "2466"]
[BlackElo "2410"]
[Annotator "RC"]
[PlyCount "75"]
[EventDate "2019.12.12"]
[EventType "tourn"]
[EventCountry "KAZ"]
[SourceTitle "playchess.com"]
[Source "ChessBase"]
[SourceQuality "1"]
[TimeControl "40/5400+30:1800+30"]

1. d4 e6 2. e4 d5 3. Nc3 Nf6 4. Bg5 dxe4 5. Nxe4 Be7 6. Bxf6 gxf6 7. Nf3 Bd7 8. d5 f5 9. Nc3 Bf6 10. Bc4 e5 11. O-O O-O 12. a4 Qe7 13. Ra3 Na6 14. Re1 Rae8 15. Nb5 Qc5 16. Nd2 Bg7 17. Qh5 f4 18. d6 c6 19. Rc3 cxb5 20. Bd3 f5 21. Rxc5 Nxc5 22. Bxb5 Bxb5 23. axb5 e4 24. Nc4 Re6 25. Qd1 Rg6 26. Qd5+ Ne6 27. d7 f3 28. g3 h5 29. Nd6 Kh7 30. Nxf5 Nf4 31. Qxe4 Re6 32. Qxe6 Nxe6 33. Rxe6 Rd8 34. Re7 Kg6 35. Nxg7 Kf6 36. Re8 Rxd7 37. Nxh5+ Kg5 38. Re5+ 1-0

[Event "KAZ Cup 2019"]
[Site "Almaty"]
[Date "2019.12.14"]
[Round "4.5"]
[White "Urazayev, Arystanbek"]
[Black "Makhnev, Denis"]
[Result "1/2-1/2"]
[ECO "C77"]
[WhiteElo "2433"]
[BlackElo "2476"]
[Annotator "RC"]
[PlyCount "63"]
[EventDate "2019.12.12"]
[EventType "tourn"]
[EventCountry "KAZ"]
[SourceTitle "playchess.com"]
[Source "ChessBase"]
[SourceQuality "1"]
[TimeControl "40/5400+30:1800+30"]

1. e4 e5 2. Nf3 Nc6 3. Bb5 a6 4. Ba4 Nf6 5. d3 b5 6. Bb3 Bc5 7. Nc3 d6 8. Nd5 h6 9. c3 Rb8 10. O-O O-O 11. d4 Ba7 12. Be3 Nxd5 13. Bxd5 Ne7 14. dxe5 Bxe3 15. fxe3 dxe5 16. Nxe5 Nxd5 17. Qxd5 Bb7 18. Qc5 Bxe4 19. Rf4 f5 20. Nc6 Bxc6 21. Qxc6 Qd2 22. Rf2 Qxe3 23. Qxc7 f4 24. Qc6 Rbd8 25. Qf3 Qc5 26. Kh1 Qc4 27. b3 Qe6 28. h3 Qg6 29. Rd1 Rxd1+ 30. Qxd1 Rf6 31. Qd4 Qf5 32. Kh2 1/2-1/2

[Event "KAZ Cup 2019"]
[Site "Almaty"]
[Date "2019.12.16"]
[Round "6.1"]
[White "Kostenko, Petr"]
[Black "Rakhimzhan, Alen"]
[Result "1/2-1/2"]
[ECO "C50"]
[WhiteElo "2467"]
[BlackElo "2354"]
[Annotator "ChessBase"]
[PlyCount "197"]
[EventDate "2019.12.12"]
[EventType "tourn"]
[EventCountry "KAZ"]
[SourceTitle "playchess.com"]
[Source "ChessBase"]
[SourceQuality "1"]
[TimeControl "40/5400+30:1800+30"]

1. e4 e5 2. Nf3 Nc6 3. Bc4 Bc5 4. d3 Nf6 5. Nbd2 d6 6. a4 a5 7. c3 Ba7 8. h3 h6 9. Nf1 O-O 10. Ng3 Ne7 11. Nh2 d5 12. exd5 Nexd5 13. Ng4 Nf4 14. Qf3 Nxg4 15. hxg4 Qg5 16. Nf5 Bxf5 17. gxf5 Nxg2+ 18. Kf1 Nf4 19. d4 Rad8 20. Qxb7 Bxd4 21. cxd4 Rxd4 22. Be2 Qxf5 23. Qf3 Rb8 24. Rh2 Re4 25. Bb5 Qg6 26. b3 Rxb5 27. Bxf4 Rb6 28. Bg3 Rf6 29. Qc3 Rg4 30. Rh3 e4 31. Re1 Rf3 32. Qxc7 Kh7 33. Re3 f5 34. Bh2 Rxh3 35. Rxh3 f4 36. Qxa5 e3 37. Qe1 exf2 38. Qxf2 Qb1+ 39. Qe1 Qc2 40. Qe2 Qc1+ 41. Kf2 Qc5+ 42. Ke1 Rg5 43. Qd3+ Kh8 44. Qd8+ Kh7 45. Qd3+ Kh8 46. Qc3 Qd5 47. Rf3 Re5+ 48. Kf2 g5 49. Bxf4 gxf4 50. Rxf4 Kh7 51. Qc2+ Kg7 52. Rg4+ Rg5 53. Rxg5+ hxg5 54. Qc4 Qd2+ 55. Kg3 Kg6 56. Qe6+ Kh5 57. Qe4 Kh6 58. Qe6+ Kh5 59. Qf5 Kh6 60. Qf8+ Kg6 61. Qe8+ Kh6 62. Qc6+ Kh5 63. Qh1+ Kg6 64. Qc6+ Kh5 65. Qf3+ Kh6 66. Qh1+ Kg6 67. Qe4+ Kh6 68. b4 Qc3+ 69. Kg4 Qc8+ 70. Kf3 Qc3+ 71. Kg4 Qc8+ 72. Kf3 Qc3+ 73. Ke2 Qb2+ 74. Ke3 Qb3+ 75. Kd2 Qb2+ 76. Kd1 Qa1+ 77. Kc2 Qxa4+ 78. Kc3 Kh5 79. Qh1+ Kg4 80. Qg2+ Kh4 81. Qh2+ Kg4 82. Qe2+ Kh4 83. b5 g4 84. Qe7+ Kh3 85. Qh7+ Kg2 86. Qb7+ Kh3 87. b6 Qa1+ 88. Kc4 Qa2+ 89. Kc5 Qf2+ 90. Kd6 Qf6+ 91. Kc7 Qe7+ 92. Kb8 Qxb7+ 93. Kxb7 g3 94. Ka8 g2 95. b7 g1=Q 96. b8=Q Qa1+ 97. Kb7 Qb2+ 98. Kc8 Qxb8+ 99. Kxb8 1/2-1/2

[Event "KAZ Cup 2019"]
[Site "Almaty"]
[Date "2019.12.16"]
[Round "6.2"]
[White "Babujian, Levon"]
[Black "Utegaliyev, Azamat"]
[Result "1/2-1/2"]
[ECO "A50"]
[WhiteElo "2466"]
[BlackElo "2502"]
[Annotator "ChessBase"]
[PlyCount "84"]
[EventDate "2019.12.12"]
[EventType "tourn"]
[EventCountry "KAZ"]
[SourceTitle "playchess.com"]
[Source "ChessBase"]
[SourceQuality "1"]
[TimeControl "40/5400+30:1800+30"]

1. d4 Nf6 2. c4 c6 3. Nc3 d5 4. cxd5 cxd5 5. Bf4 Nc6 6. e3 a6 7. Bd3 Bg4 8. Nge2 e6 9. O-O Bd6 10. f3 Bh5 11. Rc1 Bxf4 12. Nxf4 Bg6 13. Na4 Nd7 14. Qb3 Ra7 15. Nc5 Nxc5 16. Rxc5 O-O 17. Rfc1 Bxd3 18. Nxd3 h5 19. Ne5 Nxe5 20. dxe5 b5 21. Rc6 Rd7 22. Rxa6 d4 23. exd4 Rxd4 24. Rac6 Rd2 25. Qe3 Rxb2 26. a3 Qd5 27. Rc8 Rxc8 28. Rxc8+ Kh7 29. h4 Qd1+ 30. Kh2 Qf1 31. Qe4+ g6 32. Rc2 Rxc2 33. Qxc2 Qc4 34. Qe4 Qc5 35. Qe2 Qc4 36. Qe4 Kg7 37. Kg3 Qc3 38. Qe2 Qc5 39. Kf4 Qd4+ 40. Kg3 Qc5 41. Kf4 Qd4+ 42. Kg3 Qc5 1/2-1/2

[Event "KAZ Cup 2019"]
[Site "Almaty"]
[Date "2019.12.16"]
[Round "6.3"]
[White "Khegay, Dmitriy"]
[Black "Stupak, Kirill"]
[Result "1-0"]
[ECO "C02"]
[WhiteElo "2504"]
[BlackElo "2529"]
[Annotator "ChessBase"]
[PlyCount "127"]
[EventDate "2019.12.12"]
[EventType "tourn"]
[EventCountry "KAZ"]
[SourceTitle "playchess.com"]
[Source "ChessBase"]
[SourceQuality "1"]
[TimeControl "40/5400+30:1800+30"]

1. e4 e6 2. d4 d5 3. e5 c5 4. c3 Qb6 5. Nf3 Nc6 6. a3 c4 7. Nbd2 Na5 8. Rb1 Bd7 9. Be2 Ne7 10. h4 Qc7 11. h5 h6 12. Nf1 Nc8 13. Bf4 Nb6 14. Qd2 Ba4 15. g4 O-O-O 16. Ng3 Be7 17. Kf1 Kb8 18. Kg2 Ka8 19. g5 hxg5 20. Nxg5 Rdf8 21. Nf3 Rfg8 22. h6 gxh6 23. Bxh6 Qd8 24. Rh3 f6 25. Rbh1 Nc6 26. Bf4 Rxh3 27. Rxh3 fxe5 28. Nxe5 Nxe5 29. Bxe5 Bg5 30. Bf4 Bxf4 31. Qxf4 Bd7 32. Rh7 Rf8 33. Qh6 a5 34. Bg4 Bc8 35. Bd1 Rf6 36. Qg7 Qf8 37. f3 Qxg7 38. Rxg7 Bd7 39. Nh5 Rh6 40. Nf4 Kb8 41. Bc2 Kc8 42. Ng6 Ba4 43. Bb1 Bc6 44. Re7 Bd7 45. Ne5 Rf6 46. Kg3 Rh6 47. Bc2 Rf6 48. f4 Bc6 49. Bd1 Bd7 50. Bg4 Kd8 51. Nxd7 Nxd7 52. Rxe6 Rxe6 53. Bxe6 Nb6 54. f5 Ke7 55. Kg4 Kf6 56. Kf4 Na4 57. Bxd5 b5 58. Bc6 Nxb2 59. Bxb5 Nd1 60. Bxc4 Nxc3 61. d5 Nb1 62. d6 Nxa3 63. Bd3 a4 64. Ke4 1-0

[Event "KAZ Cup 2019"]
[Site "Almaty"]
[Date "2019.12.16"]
[Round "6.4"]
[White "Urazayev, Arystanbek"]
[Black "Igambergenov, Alibek"]
[Result "0-1"]
[ECO "B06"]
[WhiteElo "2433"]
[BlackElo "2410"]
[Annotator "ChessBase"]
[PlyCount "82"]
[EventDate "2019.12.12"]
[EventType "tourn"]
[EventCountry "KAZ"]
[SourceTitle "playchess.com"]
[Source "ChessBase"]
[SourceQuality "1"]
[TimeControl "40/5400+30:1800+30"]

1. e4 g6 2. d4 Bg7 3. Nc3 d6 4. Be3 a6 5. f4 b5 6. Bd3 Bb7 7. Nf3 b4 8. Ne2 Nf6 9. Ng3 Nbd7 10. Qe2 O-O 11. O-O e6 12. c3 bxc3 13. bxc3 c5 14. Rab1 Bc6 15. Nd2 Qc7 16. h3 Rfb8 17. Kh2 a5 18. Qf2 a4 19. dxc5 Nxc5 20. Bxc5 dxc5 21. Qxc5 Nd7 22. Qe3 Bxc3 23. Rbc1 Bb2 24. Rc2 a3 25. e5 Qb7 26. Be4 Bd5 27. Nc4 Qa7 28. Qf3 Qa4 29. Rff2 Bxc4 30. Bxa8 Bxa2 31. Bc6 Qa7 32. Ne4 Nf8 33. Qd3 Bb1 34. Nf6+ Kg7 35. Qd6 Bxc2 36. Rxc2 a2 37. Rxb2 a1=Q 38. Rxb8 Q1g1+ 39. Kg3 Qae3+ 40. Bf3 Qgf2+ 41. Kg4 h5+ 0-1

[Event "KAZ Cup 2019"]
[Site "Almaty"]
[Date "2019.12.17"]
[Round "7.5"]
[White "Rakhimzhan, Alen"]
[Black "Babujian, Levon"]
[Result "0-1"]
[ECO "E35"]
[WhiteElo "2354"]
[BlackElo "2466"]
[Annotator "ChessBase"]
[PlyCount "124"]
[EventDate "2019.12.12"]
[EventType "tourn"]
[EventCountry "KAZ"]
[SourceTitle "playchess.com"]
[Source "ChessBase"]
[SourceQuality "1"]
[TimeControl "40/5400+30:1800+30"]

1. d4 Nf6 2. c4 e6 3. Nc3 Bb4 4. Qc2 d5 5. cxd5 exd5 6. Bg5 c5 7. Nf3 h6 8. Bd2 O-O 9. a3 cxd4 10. axb4 dxc3 11. Bxc3 Ne4 12. e3 Bg4 13. Be2 Nc6 14. b5 Nxc3 15. bxc3 Bxf3 16. gxf3 Ne7 17. O-O Qd6 18. Ra4 Rfc8 19. Rfa1 Qc5 20. Qd3 Qb6 21. Kh1 Rc5 22. Qd4 Nf5 23. Qf4 Qf6 24. Rg1 Rxc3 25. e4 Re8 26. Bd1 dxe4 27. fxe4 Re5 28. exf5 Rxf5 29. Qb8+ Kh7 30. Rag4 g6 31. Qxb7 Rxf2 32. R4g2 Rxg2 33. Qxg2 Qe5 34. Rf1 Kg7 35. Qf2 Qd5+ 36. Kg1 Qg5+ 37. Kh1 Qd5+ 38. Bf3 Qxb5 39. Qd4+ Kh7 40. Bg2 Rc7 41. h3 a5 42. Qf4 Qc5 43. Rd1 Kg7 44. Kh2 Re7 45. Kh1 h5 46. Qa4 Qc3 47. Qh4 Rc7 48. Qe4 Rc4 49. Qd5 a4 50. Rd3 Qa1+ 51. Kh2 Rf4 52. Qd6 Rf2 53. Kg3 Rf6 54. Qc5 Qb1 55. Rd8 Kh7 56. Kh2 Qb2 57. Ra8 Rf2 58. Qd5 a3 59. Kg3 Rf5 60. Qe4 a2 61. Qe8 Rg5+ 62. Kh4 Qf2+ 0-1

[Event "KAZ Cup 2019"]
[Site "Almaty"]
[Date "2019.12.18"]
[Round "8.4"]
[White "Makhnev, Denis"]
[Black "Stupak, Kirill"]
[Result "1-0"]
[ECO "A40"]
[WhiteElo "2476"]
[BlackElo "2529"]
[Annotator "RC"]
[PlyCount "73"]
[EventDate "2019.12.12"]
[EventType "tourn"]
[EventCountry "KAZ"]
[SourceTitle "playchess.com"]
[Source "ChessBase"]
[SourceQuality "1"]
[TimeControl "40/5400+30:1800+30"]

1. d4 Nf6 2. c4 e6 3. g3 Bb4+ 4. Bd2 Qe7 5. Bg2 O-O 6. Nf3 Bxd2+ 7. Qxd2 Ne4 8. Qc2 Qb4+ 9. Nbd2 Nxd2 10. Nxd2 Qe7 11. O-O d6 12. b4 e5 13. e3 c6 14. c5 exd4 15. exd4 d5 16. a4 Qf6 17. Qc3 Bf5 18. b5 Nd7 19. a5 Rac8 20. b6 a6 21. h3 h5 22. Rae1 Rfe8 23. Re3 Rxe3 24. Qxe3 Qe6 25. Qxe6 Bxe6 26. Re1 Nf8 27. Nf1 Re8 28. f4 g6 29. Kf2 Bd7 30. Rxe8 Bxe8 31. f5 Bd7 32. Ne3 Bxf5 33. Nxf5 gxf5 34. Bf3 h4 35. gxh4 Ne6 36. Be2 Nd8 37. Bd3 1-0

[Event "KAZ Cup 2019"]
[Site "Almaty"]
[Date "2019.12.19"]
[Round "9.3"]
[White "Utegaliyev, Azamat"]
[Black "Makhnev, Denis"]
[Result "1-0"]
[ECO "A46"]
[WhiteElo "2502"]
[BlackElo "2476"]
[Annotator "ChessBase"]
[PlyCount "109"]
[EventDate "2019.12.12"]
[EventType "tourn"]
[EventCountry "KAZ"]
[SourceTitle "playchess.com"]
[Source "ChessBase"]
[SourceQuality "1"]
[TimeControl "40/5400+30:1800+30"]

1. d4 Nf6 2. Nf3 e6 3. Bf4 d5 4. e3 c5 5. c3 Bd6 6. Bg3 Qc7 7. Nbd2 Nbd7 8. Be2 O-O 9. O-O Bxg3 10. hxg3 e5 11. dxe5 Nxe5 12. Nxe5 Qxe5 13. Nf3 Qe7 14. Qc2 b6 15. Rad1 Bd7 16. Rd2 Bc6 17. Qf5 Ne4 18. Rdd1 Rae8 19. Bd3 g6 20. Qf4 Ba4 21. Rc1 Kg7 22. Qh4 g5 23. Qh5 h6 24. Rfe1 Nf6 25. Qh1 Bd7 26. Rcd1 Rd8 27. Kh2 Ng4+ 28. Kg1 f5 29. Bc2 Be6 30. Rd2 a5 31. a3 Rd6 32. Bd3 Rfd8 33. Rdd1 Bd7 34. Bc2 Qf6 35. Rd2 Be8 36. Red1 Bg6 37. Bd3 Qe6 38. Re1 Nf6 39. Rdd1 Ne4 40. Re2 Qf6 41. Qh2 a4 42. Qh1 h5 43. Bc2 b5 44. Bd3 g4 45. Nh4 d4 46. exd4 cxd4 47. Bxe4 fxe4 48. cxd4 Rxd4 49. Rxd4 Rxd4 50. Kh2 Bh7 51. Qc1 Rd5 52. Rc2 Bg8 53. Rc6 Be6 54. Rb6 Qe5 55. Qc6 1-0

[Event "KAZ Cup 2019"]
[Site "Almaty"]
[Date "2019.12.19"]
[Round "9.4"]
[White "Rakhimzhan, Alen"]
[Black "Urazayev, Arystanbek"]
[Result "0-1"]
[ECO "E26"]
[WhiteElo "2354"]
[BlackElo "2433"]
[Annotator "ChessBase"]
[PlyCount "108"]
[EventDate "2019.12.12"]
[EventType "tourn"]
[EventCountry "KAZ"]
[SourceTitle "playchess.com"]
[Source "ChessBase"]
[SourceQuality "1"]
[TimeControl "40/5400+30:1800+30"]

1. d4 Nf6 2. c4 e6 3. Nc3 Bb4 4. e3 c5 5. a3 Bxc3+ 6. bxc3 O-O 7. Bd3 d5 8. cxd5 exd5 9. Ne2 b6 10. O-O Ba6 11. Ng3 Bxd3 12. Qxd3 Nc6 13. Bb2 Re8 14. f3 h5 15. Rae1 h4 16. Nf5 Nh5 17. e4 g6 18. Nh6+ Kg7 19. Ng4 cxd4 20. cxd4 Qd6 21. Qd2 Kg8 22. Qf2 h3 23. g3 Rac8 24. Ne3 Ne7 25. f4 dxe4 26. g4 Nf6 27. f5 g5 28. Qd2 Kh7 29. d5 Neg8 30. Qd4 Qc5 31. Qd2 Qd6 32. Rd1 Re7 33. Kh1 Rec7 34. Rg1 Kg7 35. Rg3 Kf8 36. a4 Ke8 37. Rxh3 Kd7 38. Rg3 Ke8 39. Rgg1 Kd7 40. Rg2 Ke8 41. Qe2 Nd7 42. f6 Ngxf6 43. Rf2 Rc3 44. Rdf1 Kd8 45. Rf5 Rxe3 46. Qd2 Rf3 47. Qxg5 Rxf1+ 48. Rxf1 Ke7 49. Qf5 Rc2 50. Bxf6+ Nxf6 51. Rf4 e3 52. Re4+ Kf8 53. Re5 e2 54. Qxc2 Qxe5 0-1